[Event "8th Fischer Heraklion-GM 2022"]
[Site "Heraklion"]
[Date "2022.05.04"]
[Round "9.2"]
[White "Vaishali R"]
[Black "Materia, Marco"]
[Result "1-0"]
[ECO "B47"]
[WhiteElo "2411"]
[BlackElo "2398"]
[Annotator "TA"]
[PlyCount "59"]
[EventDate "2022.04.18"]
[EventType "tourn"]
[EventCountry "GRE"]
[SourceTitle "playchess.com"]
[Source "ChessBase"]
[SourceQuality "1"]
[TimeControl "40/5400+30:1800+30"]

1. e4 c5 2. Nf3 e6 3. d4 cxd4 4. Nxd4 Nc6 5. Nc3 Qc7 6. Be2 a6 7. Nxc6 {[%emt 0:00:40] B47: Sicilian: Taimanov: 5 Nc3 Qc7 6 f4, 6 g3 and 6 Be2.} bxc6 8. Qd3 $1 {[%emt 0:00:16][%mdl 4] is currently scoring better than 8.0-0.} Nf6 9. Qg3 {[%emt 0:01:57] White has an edge.} Qxg3 10. hxg3 (10. fxg3 d5 $15) 10... d5 11. g4 Bb4 12. Bd2 {[%emt 0:01:29] [#]} a5 $146 ({Predecessor:} 12... d4 13. e5 Nd7 14. Ne4 Bxd2+ 15. Nxd2 c5 16. Nc4 Ke7 17. Bf3 Rb8 18. O-O-O Nb6 {1-0 (38) Karjakin,S (2752)-Cori,J (2652) Chess.com INT 2020}) 13. g5 Nd7 (13... Bxc3 $5 14. Bxc3 Nxe4 $11) 14. O-O-O Ba6 15. Bxa6 Rxa6 16. Rh3 Ne5 17. Rdh1 Nc4 18. Be1 ({Inferior is} 18. Rxh7 Rxh7 19. Rxh7 Nxd2 20. Kxd2 d4 21. Rxg7 Kf8 $17) 18... Ke7 19. b3 ({And not} 19. Rxh7 Rxh7 20. Rxh7 d4 $17) 19... Nd6 20. e5 Nb5 21. Nxb5 cxb5 22. Rxh7 Rg8 {[%emt 0:10:28] [#]} (22... Rc8 $16 {was worth a try.}) 23. Bxb4+ $1 $18 axb4 {[%emt 0:00:01][%mdl 4096] Endgame KRR-KRR} 24. Kb2 Rga8 25. Ra1 ({Avoid the trap} 25. Rxg7 $2 Rxa2+ 26. Kc1 Ra1+ 27. Kd2 Rxh1 $19) 25... d4 (25... g6 $142 26. Rh4 Rc8 27. Rxb4 Rac6) 26. Rxg7 Rc6 (26... R6a7 {was called for.} 27. g6 Kf8 28. Rxf7+ Rxf7 29. gxf7 Kxf7) 27. g6 Rac8 (27... Kf8 $18) 28. Rxf7+ {[%emt 0:00:08] White mates.} Ke8 29. Rh1 Rxc2+ 30. Kb1 {[%emt 0:00:05] Weighted Error Value: White=0.02 (flawless) /Black=0.58} 1-0

[Event "8th Fischer Heraklion-GM 2022"]
[Site "Heraklion"]
[Date "2022.05.04"]
[Round "9.3"]
[White "Samaridis, Konstantinos"]
[Black "Nikolaidis, Ioannis"]
[Result "0-1"]
[ECO "C15"]
[WhiteElo "2064"]
[BlackElo "2536"]
[Annotator "TA"]
[PlyCount "116"]
[EventDate "2022.04.18"]
[EventType "tourn"]
[EventCountry "GRE"]
[SourceTitle "playchess.com"]
[Source "ChessBase"]
[SourceQuality "1"]
[TimeControl "40/5400+30:1800+30"]

1. e4 e6 2. d4 d5 3. Nc3 Bb4 4. Nge2 dxe4 5. a3 Be7 6. Nxe4 Nf6 7. N2c3 {[%emt 0:02:06] 7.Nxf6+ gains popularity.} O-O 8. Be2 (8. Ng3 $11) 8... Nc6 $17 {[%emt 0:06:58] C15: French: 3 Nc3 Bb4: Unusual White 4th moves.} 9. Be3 Nxe4 10. Nxe4 f5 $1 {[%emt 0:00:43][%cal Bf7f5,Bf5f4,Bf4e3,Be3f2][%mdl 32] Black is better.} 11. Nc3 f4 12. d5 fxe3 $19 13. dxc6 exf2+ 14. Kf1 {[%emt 0:00:11] [#]} Qxd1+ $146 ({Predecessor:} 14... Qe8 15. Bf3 bxc6 16. Ne4 Ba6+ 17. Kxf2 Qh5 18. Qd4 Rad8 19. Qe3 Qe5 20. b4 Bc4 {0-1 (31) Van Herck,M (2135)-Westerinen,H (2350) Thessaloniki 2011}) 15. Rxd1 bxc6 16. Bf3 (16. Bd3 {was called for.}) 16... Rb8 17. b4 c5 18. b5 a6 19. bxa6 (19. a4 $142) 19... Bxa6+ 20. Kxf2 Bh4+ (20... Rb2 $2 21. Ne4 $19) 21. Ke3 Bg5+ {[%emt 0:01:47] A strong pair of Bishops.} 22. Kf2 Rb2 23. Kg3 Rxc2 24. Ne4 Be3 25. Bg4 e5 26. Rd7 Bb7 (26... h5 $19 27. Be6+ Kh7) 27. Be6+ (27. Re1 $17 {might work better.} Bd4 28. Be6+ Kh8 29. Kh3) 27... Kh8 28. Re1 {[%emt 0:04:25] [#]} Bd4 ({Not} 28... Bxe4 29. Rxe3 Bxg2 30. Rxe5 $17) (28... Rc3 $1 $19 29. Nxc3 Bf2+ 30. Kh3 Bxe1) 29. Rf1 $1 $11 Ra8 30. Rdf7 $1 {[%emt 0:02:27] White wants to mate with Rf8+.} g6 (30... Rxa3+ $2 31. Kh4 Bf2+ 32. Nxf2 Ra4+ 33. Ng4 $18) 31. Nf6 {[%emt 0:10:32][%mdl 8192] This costs White the game.} (31. Ng5 $1 $11 Rxg2+ 32. Kh4 Rxh2+ 33. Kg4) 31... Rxg2+ $19 32. Kh4 g5+ $1 ({Inferior is} 32... Rxh2+ 33. Bh3 g5+ 34. Kg3 Rxh3+ 35. Kxh3 Rxa3+ 36. Kg4 Bc8+ 37. Nd7 $11) 33. Kh5 Rxh2+ 34. Kxg5 Ba6 35. Rf3 e4 $1 36. Rh3 Bxf6+ 37. Kxf6 Rxh3 38. Bxh3 {[%emt 0:00:08][%mdl 4096] Endgame KRB-KRB} Bc4 ({Avoid the trap} 38... e3 $2 39. Re7 $19) 39. Rxc7 (39. Re7 Ra6+ 40. Kg5) 39... e3 40. Re7 e2 41. Bg4 Ra6+ 42. Kg5 Rxa3 {[%emt 0:03:56] aiming for ...Ra1.} 43. Bxe2 Bxe2 44. Rxe2 {[%emt 0:00:04] [#] KR-KR} Ra8 $1 {[%emt 0:01:48] Black mates.} 45. Rc2 {[%emt 0:06:26] [#]} Rc8 $1 46. Rc4 Kg7 47. Kf5 h5 48. Ke6 Kg6 49. Kd7 Rh8 50. Rxc5 h4 51. Ke7 h3 52. Rc6+ Kf5 53. Rc5+ Ke4 54. Rc4+ Kd3 55. Rc1 h2 56. Rh1 Ke4 57. Kf6 Kf3 58. Kg7 Rh3 {[%emt 0:00:09] Weighted Error Value: White=1.01/Black=0.26 (precise)} 0-1

[Event "8th Fischer Heraklion-GM 2022"]
[Site "Heraklion"]
[Date "2022.05.04"]
[Round "9.4"]
[White "Jahncke, Giso"]
[Black "Szwed, Jacek"]
[Result "0-1"]
[ECO "D25"]
[WhiteElo "2326"]
[BlackElo "2360"]
[Annotator "TA"]
[PlyCount "70"]
[EventDate "2022.04.18"]
[EventType "tourn"]
[EventCountry "GRE"]
[SourceTitle "playchess.com"]
[Source "ChessBase"]
[SourceQuality "1"]
[TimeControl "40/5400+30:1800+30"]

1. d4 d5 2. Nf3 Nf6 3. c4 dxc4 4. e3 b5 5. a4 b4 6. a5 {[%emt 0:09:18] D25: Queen's Gambit Accepted: 4 e3: sidelines and 4...Bg4.} e6 {[%emt 0:00:08] [#]} 7. Ne5 $146 ({Predecessor:} 7. a6 Nbd7 8. Bxc4 Bd6 9. Nbd2 O-O 10. O-O c5 11. Bd3 cxd4 12. exd4 Bf4 13. Qc2 {½-½ (35) Bacrot,E (2712)-Romanov,E (2613) Nakhchivan 2015}) 7... Be7 8. Qa4+ {[%emt 0:05:16] White has an edge.} Bd7 9. Nxd7 Nbxd7 10. Bxc4 c5 11. O-O O-O 12. Nd2 Qc7 13. Be2 Rab8 14. Qb3 Qc6 15. Nc4 Rfc8 16. f3 cxd4 17. exd4 Nd5 18. Bd2 Bf6 19. Qd3 Qxc4 20. Qxc4 $11 Rxc4 21. Bxc4 {[%emt 0:00:08] A strong pair of Bishops.} Bxd4+ 22. Kh1 Ne5 23. Bxd5 exd5 24. Bf4 (24. Rfe1 $14) 24... Bxb2 $15 25. Rab1 {[%emt 0:04:39] [#]} g5 $1 26. Bxg5 (26. Rxb2 gxf4) 26... Nc4 27. Rfd1 Rb5 {[%emt 0:00:39][%mdl 1024] Black has strong compensation. Black is more active.} 28. Re1 (28. Rd3 $142) 28... Kg7 {[%emt 0:01:32] Threatens to win with ...b3.} 29. Bd8 $2 {[%emt 0:00:40] [#] Loses the game.} (29. a6 $17 Ra5 30. Red1) 29... Bc3 $19 30. Rec1 (30. Re7 Nd2 31. Rd1) 30... d4 {[%emt 0:00:17] Black is clearly winning.} ({Stronger than} 30... Nd2 31. Rxc3 Nxb1 32. Rc6 $17) 31. a6 b3 32. Kg1 b2 33. Rd1 Na3 34. Kf2 Nxb1 35. Rxb1 Rd5 {[%emt 0:01:13] Weighted Error Value: White=0.54/Black=0.07 (flawless)} 0-1